 Dungeon Crawl Stone Soup version 0.30-a0-313-gae38170b09 (webtiles) character file.

Game seed: 18361897260739649253

575 daveb22 the Trooper (level 7, -1/51 (58) HPs)
             Began as a Human Wanderer on Oct 26, 2022.
             Slain by a necrophage (3 damage)
             ... on level 4 of the Dungeon.
             The game lasted 00:32:07 (4851 turns).

daveb22 the Trooper (Human Wanderer)                Turns: 4851, Time: 00:32:07

HP:   -1/51 (58)    AC:  8    Str: 12    XL:     7   Next: 61%
MP:   8/8           EV: 10    Int: 14    God:
Gold: 242           SH:  0    Dex: 13    Spells: 7/8 levels left

rFire   . . .      SeeInvis .    f - +0 short sword (venom)
rCold   . . .      Faith    .    (no shield)
rNeg    . . .      Spirit   .    k - +1 scale mail
rPois   .          Reflect  .    (no helmet)
rElec   .          Harm     .    (no cloak)
rCorr   .          Rampage  .    (no gloves)
Will    .....                    (no boots)
Stlth   ..........               q - amulet of the acrobat
HPRegen 0.28/turn                (no ring)
MPRegen 0.11/turn                (no ring)

@: hasted, heavily drained, very quick
A: no striking features
a: no special abilities


You were on level 4 of the Dungeon.
You visited 1 branch of the dungeon, and saw 5 of its levels.

You collected 242 gold pieces.

Inventory:

Hand Weapons
 a - a +0 dagger
 f - a +0 short sword of venom (weapon)
Missiles
 l - 4 boomerangs of dispersal
Armour
 d - a +2 leather armour
 k - a +1 scale mail (worn)
 v - a +0 barding
Jewellery
 q - an amulet of the acrobat (around neck)
Wands
 y - a wand of quicksilver (8)
Scrolls
 h - a scroll of immolation
 i - a scroll of vulnerability
 m - a scroll of brand weapon
 o - 6 scrolls of identify
 x - a scroll of noise {unknown}
Potions
 c - a potion of attraction
 g - 2 potions of resistance {unknown}
 j - 2 potions of haste
 n - a potion of magic {unknown}
 p - 2 potions of mutation {unknown}
 s - 2 potions of lignification {unknown}
 t - 2 potions of degeneration {unknown}
 w - a potion of brilliance {unknown}


   Skills:
 + Level 6.0 Fighting
 + Level 3.5 Short Blades
 + Level 4.5 Armour
 + Level 3.3 Dodging
 + Level 0.7 Stealth
 + Level 1.0 Spellcasting
 + Level 1.0 Translocations
 + Level 1.0 Invocations


You had 7 spell levels left.
You knew the following spells:

 Your Spells              Type           Power      Damage    Failure   Level
a - Apportation           Tloc           6%         N/A       63%         1

Your spell library contained the following spells:

 Spells                   Type           Power      Damage    Failure   Level
 Cigotuvi's Dreadful Rot  Necr/Pois/Air  0%         N/A       88%         2
 Poisonous Vapours        Pois/Air       0%         N/A       88%         2
 Teleport Other           Tloc           3%         N/A       94%         3
 Mephitic Cloud           Conj/Pois/Air  0%         N/A       98%         3


Dungeon Overview and Level Annotations

Branches:
Dungeon (5/15)
 Temple: D:4-7

Altars:

Shops:
D:2 (


Message History

The necrophage barely misses you.
The endoplasm quivers.
You hit the necrophage but do no damage.
The necrophage is heavily damaged.
You hit the necrophage.
The necrophage is severely damaged.
The necrophage closely misses you.
You hit the necrophage but do no damage.
The necrophage is severely damaged.
You hit the necrophage but do no damage.
The necrophage is severely damaged.
The necrophage barely misses you.
You hit the orc priest.
The orc priest is poisoned.
The orc priest is moderately wounded.
You barely miss the orc priest.
The orc priest is moderately wounded.
The necrophage closely misses you.
The orc priest hits you but does no damage.
You hit the necrophage but do no damage.
The necrophage is severely damaged.
You hit the orc priest.
The orc priest looks as sick as possible!
The orc priest is almost dead.
The necrophage closely misses you.
The orc priest hits you with a +0 dagger.
* * * LOW HITPOINT WARNING * * *
You hit the necrophage but do no damage.
The necrophage is severely damaged.
The necrophage hits you.
* * * LOW HITPOINT WARNING * * *
You feel drained.
* * * LOW HITPOINT WARNING * * *
You closely miss the necrophage.
The necrophage is severely damaged.
The orc priest hits you with a +0 dagger.
* * * LOW HITPOINT WARNING * * *
You hit the orc priest but do no damage.
The orc priest is almost dead.
The necrophage hits you.
You die...

.......#.....## ###.#.#
...............# ..#..
.................###....
.....................
.....................
.....................
.......§§.§........#
#....J§§§§.....#
##..§o@§§.....#
###..§§n§§...#.# #
#...#§§§####...# ####
###.#.#..## #.### ##.).
#........# ##.# ##..##
..~~.....####..#
###..###
..~~...........# ##.>.##
#
#......#..####.###..###
# ..........# #.##).## #


You could see a necrophage, an orc priest (extremely poisoned) and an endoplasm.

Vanquished Creatures
  A scorpion (D:5)
  A howler monkey (D:5)
  2 orc priests (D:4)
  4 hounds
  A gnoll bouda (D:4)
  Natasha (D:2)
  An iguana (D:5)
  2 orc wizards
  5 adders
  3 gnolls (D:4)
  An ufetubus (D:5)
  2 worms
  15 orcs
  8 ball pythons
  8 bats
  5 endoplasms
  2 giant cockroaches
  4 goblins
  7 hobgoblins
  3 jackals (D:1)
  2 frilled lizards (D:1)
  5 kobolds
  6 rats
89 creatures vanquished.

Vanquished Creatures (others)
  A ball python (D:4)
1 creature vanquished.

Grand Total: 90 creatures vanquished

Notes
Turn   | Place    | Note
-------+----------+-------------------------------------------
     0 | D:1      | daveb22 the Human Wanderer began the quest for the Orb.
     0 | D:1      | daveb22 set off with the following items: a +0 dagger, a
                  | scroll of teleportation, a potion of attraction, a +2
                  | leather armour; and the following spell memorised:
                  | Apportation; and the following spells available to
                  | memorise: Teleport Other.
     0 | D:1      | Reached XP level 1. HP: 21/21 MP: 2/2
   169 | D:1      | Reached XP level 2. HP: 27/27 MP: 3/3
   711 | D:1      | Found a faded altar of an unknown god.
  1033 | D:2      | Reached XP level 3. HP: 33/33 MP: 4/4
  1186 | D:2      | Reached skill level 1 in Short Blades
  1412 | D:2      | Found Jestrom's Antique Weapon Shoppe.
  1584 | D:2      | Noticed Natasha
  1597 | D:2      | Killed Natasha
  1598 | D:2      | Reached skill level 1 in Armour
  1598 | D:2      | Reached XP level 4. HP: 22/39 MP: 5/5
  1794 | D:2      | Learned a level 2 spell: Poisonous Vapours
  2134 | D:3      | Reached XP level 5. HP: 31/44 MP: 6/6
  3190 | D:4      | Found a glowing drain.
  3208 | D:5      | Entered Level 5 of the Dungeon
  3266 | D:5      | Reached XP level 6. HP: 39/52 MP: 7/7
  4218 | D:4      | Reached XP level 7. HP: 57/57 MP: 8/8
  4495 | D:4      | Reached skill level 6 in Fighting
  4501 | D:4      | Identified the +9 long sword of Defaz {elec, rF+ Will+++
                  | Str-5}
  4850 | D:4      | HP: 2/51 [orc priest/+0 dagger (3)]
  4851 | D:4      | Slain by a necrophage

Illustrated notes

Levels and vault maps discovered:
D:1:      dpeg_arrival_connections, layout_basic,
          nicolae_ecumenical_snake_handling
D:2:      layout_loops_ring, serial_shops, shop_statue, uniq_natasha
D:3:      layout_basic
D:4:      layout_rooms, cheibrodos_sewer_entry_drain,
          chequers_serial_rivers_micro_c
D:5:      layout_basic

Skill      XL: |  1  2  3  4  5  6  7 |
---------------+----------------------+-----
Short Blades   | 1 2 3 |  3.5
Armour         | 1 2 3 4 |  4.5
Dodging        | 3 |  3.3
Fighting       | 6 |  6.0
Stealth        | |  0.7
Spellcasting   | |  1.0
Translocations | |  1.0
Invocations    | |  1.0

Action                   |  1- 3 |  4- 6 |  7- 9 || total
-------------------------+-------+-------+-------++-------
Melee: Short sword       |    70 |    65 |   147 ||   282
       Dagger            |   103 |   205 |       ||   308
       Punch             |     3 |     2 |     1 ||     6
  Use: Scroll            |     2 |     7 |     3 ||    12
       Potion            |       |     2 |     5 ||     7
Armor: Leather armour    |     7 |       |       ||     7
       Scale mail        |    73 |    94 |    64 ||   231
Dodge: Dodged            |    95 |   139 |   109 ||   343

Table legend: (Time is in decaauts)
 A = Elapsed time spent in this place.
 B = Non-inter-level travel time spent in this place.
 C = Inter-level travel time spent in this place.
 D = Time resting spent in this place.
 E = Time spent auto-exploring this place.
 F = Levels seen in this place.
 G = Mean time per level.
                   A        B        C        D        E       F      G
               +--------+--------+--------+--------+--------+-----+--------+
         Total |   4780 |   4679 |    101 |   1328 |   1854 |   5 |  956.0 |
       Dungeon |   4780 |   4679 |    101 |   1328 |   1854 |   5 |  956.0 |
               +--------+--------+--------+--------+--------+-----+--------+

Top non-repeatable levels by time:
     D:2: 1071 daAuts
     D:3: 1069 daAuts
     D:1: 1022 daAuts
     D:5: 972 daAuts
     D:4: 645 daAuts
